Map: Pride of Altaris LE

Players

Lampaso

  • Race: Terran Terran
  • League: Diamond
  • Spawn Location: 5:00

Pumba - Winner!

  • Race: Protoss Protoss
  • League: Platinum
  • Spawn Location: 11:00

VOD

Have the link to the VOD?

Description

Time

  • Played on: Feb. 8, 2022, 10:31 p.m.
  • Length: 7:49
Show
View Real Time Build Order
Export as new Build Order

Lampaso Terran 

Build Orders:  

Get SALT Encoding   

  12  0:00  SCV  
  13  0:12  SCV  
  14  0:17  Supply Depot  
  14  0:24  SCV  
  15  0:39  SCV, Barracks  
  16  0:43  Refinery  
  16  0:51  SCV  
  17  1:03  SCV  
  18  1:15  SCV  
  19  1:26  Marine  
  19  1:27  Orbital Command  
  20  1:40  Command Center  
  20  1:46  Barracks Reactor  
  20  1:55  SCV  
  21  2:02  Supply Depot  
  21  2:07  Barracks  
  21  2:08  SCV  
  22  2:20  SCV  
  23  2:24  Marine x2  
  23  2:27  Barracks  
  25  2:33  SCV  
  26  2:43  Marine x2  
  28  2:52  Orbital Command  
  28  2:55  Barracks Tech Lab  
  28  2:57  Refinery  
  28  2:58  SCV  
  29  3:01  Reaper x2  
  29  3:04  Engineering Bay  
  31  3:13  SCV  
  31  3:16  Barracks Tech Lab  
  31  3:17  Marine  
  33  3:20  SCV  
  33  3:23  Stimpack  
  33  3:26  SCV  
  35  3:32  SCV  
  35  3:33  Marine  
  37  3:45  SCV x2  
  39  3:52  Command Center, Marine x2  
  41  3:56  Terran Infantry Weapons Level 1  
  41  3:57  SCV  
  41  4:01  Marine x2  
  44  4:03  Combat Shield  
  44  4:14  Marine x2  
  46  4:21  Marine  
  47  4:31  Supply Depot, Marauder  
  47  4:32  Marine x2  
  47  4:35  Factory  
  47  4:38  SCV  
  50  4:39  Marauder  
  53  4:45  SCV  
  53  4:50  SCV  
  53  4:52  Marine x2  
  54  4:53  Marauder  
  54  4:54  Supply Depot  
  54  4:57  SCV  
  59  5:01  Marine  
  59  5:02  SCV  
  59  5:05  Concussive Shells  
  61  5:09  SCV, Orbital Command  
  61  5:10  Marine  
  63  5:19  Widow Mine  
  63  5:20  Starport  
  65  5:29  Marine x2  
  65  5:30  Marauder x2  
  55  5:47  Marine x2  
  53  5:51  Marauder, Marine  
  56  5:57  Bunker  
  56  6:00  Refinery  
  56  6:01  SCV  
  57  6:05  Marine x2  
  57  6:09  Marauder  
  61  6:12  Widow Mine  
  61  6:13  Medivac, Marauder  
  61  6:14  SCV x3  
  70  6:23  Marine  
  70  6:24  Missile Turret  
  71  6:26  SCV  
  71  6:31  Marauder  
  74  6:33  Supply Depot  
  74  6:34  Widow Mine  
  62  6:54  Bunker  
  62  6:56  Marine x2  
  62  6:57  Marauder x2  
  68  7:01  Bunker  
  61  7:20  Marine x2  
  61  7:21  Marauder x2  
Show
View Real Time Build Order
Export as new Build Order

Pumba Protoss - Winner!

Build Orders: 1 Gate Expand 

Get SALT Encoding   

  12  0:00  Probe  
  13  0:12  Probe  
  14  0:20  Pylon  
  14  0:25  Probe  
  15  0:38  Probe (Chrono Boost)  
  16  0:45  Gateway  
  17  0:50  Probe (Chrono Boost)  
  17  0:51  Assimilator  
  17  0:58  Probe (Chrono Boost)  
  18  1:04  Probe  
  19  1:26  Nexus  
  19  1:27  Probe  
  20  1:36  Cybernetics Core  
  20  1:44  Assimilator  
  20  1:45  Probe  
  21  1:57  Probe  
  22  2:09  Probe  
  23  2:16  Warp Gate  
  23  2:21  Pylon  
  23  2:38  Adept (Chrono Boost)  
  23  2:39  Probe (Chrono Boost)  
  23  2:44  Robotics Facility  
  26  2:46  Probe (Chrono Boost)  
  28  2:56  Probe x2 (Chrono Boost)  
  29  3:01  Probe (Chrono Boost)  
  29  3:02  Probe, Stalker (Chrono Boost)  
  34  3:12  Probe  
  34  3:14  Probe  
  35  3:23  Assimilator  
  35  3:25  Probe  
  35  3:26  Probe, Assimilator  
  37  3:35  Robotics Bay  
  37  3:37  Probe (Chrono Boost)  
  37  3:39  Robotics Facility  
  37  3:40  Probe (Chrono Boost)  
  39  3:43  Observer (Chrono Boost)  
  38  3:49  Probe (Chrono Boost)  
  38  3:52  Shield Battery  
  38  3:54  Gateway  
  38  3:55  Gateway  
  40  3:56  Probe (Chrono Boost)  
  40  3:57  Probe (Chrono Boost)  
  40  3:58  Pylon  
  40  4:01  Pylon  
  41  4:04  Stalker  
  41  4:05  Probe  
  41  4:06  Probe  
  42  4:28  Disruptor (Chrono Boost), Probe x2  
  50  4:40  Disruptor (Chrono Boost), Probe  
  51  4:49  Probe  
  51  4:50  Stalker  
  54  4:53  Probe  
  54  4:56  Disruptor, Pylon  
  54  4:58  Pylon  
  58  5:04  Stalker  
  60  5:10  Pylon  
  60  5:20  Disruptor (Chrono Boost)  
  63  5:32  Disruptor (Chrono Boost)  
  66  5:37  Stalker x2  
  67  5:46  Zealot  
  67  5:48  Disruptor (Chrono Boost)  
  69  5:55  Probe  
  73  5:58  Probe  
  73  6:00  Disruptor  
  73  6:01  Pylon x2  
  73  6:03  Pylon  
  77  6:07  Gateway  
  77  6:09  Gateway  
  77  6:40  Pylon  
  77  6:45  Stalker x3  
  82  7:02  Observer (Chrono Boost)  
  82  7:03  Observer (Chrono Boost)  
  82  7:05  Stalker x2  
  86  7:15  Disruptor (Chrono Boost)  
Tags
 
Add a new tag
Caveats
  • Supply blocks, unpowered buildings, or Contaminate may cause inaccurate times.
  • Supply counts are checked every 10 seconds.